CLL
SAN JOSE BEES @ VISALIA METS
07/31/1982
 
TOP OF THE 1ST
San Jose Bees batting - Pitching for Visalia Mets : LHP Tom Bolton
Pitching: LHP Tom Bolton
Batting: RHB Anthony Laurenzi 0-0: Called Strike
0-1: Called Strike
0-2: Foul Ball, location: 2F
0-2: Ball
1-2: Ball
2-2: Fly out, F4 (Flyball, 4MD, EV 76.9 MPH)
Batting: RHB Ron MacDonald 0-0: Called Strike
0-1: Ball
1-1: Ground out 4-3 (Groundball, 4, EV 86.3 MPH)
Batting: LHB Stanley Davis 0-0: Called Strike
0-1: Called Strike
0-2: Ball
1-2: Fly out, F5 (Popup, 25F, EV 83.1 MPH)
Top of the 1st over - 0 runs, 0 hits, 0 errors, 0 left on base; San Jose 0 - Visalia 0
BOTTOM OF THE 1ST
Visalia Mets batting - Pitching for San Jose Bees : RHP Frank Wills
Pitching: RHP Frank Wills
Batting: RHB Danny Ainge 0-0: Called Strike
0-1: Ball
1-1: SINGLE (Flyball, 8RS, EV 100.0 MPH)
Batting: SHB David Navarro 0-0: SINGLE (Groundball, 6MS, EV 66.9 MPH) (infield hit)
Danny Ainge to second
Batting: LHB Huey Gayden 0-0: Ball
1-0: Swinging Strike
1-1: Ball
2-1: Ball
3-1: Base on Balls
Danny Ainge to third
David Navarro to second
Batting: LHB Pete Dalena 0-0: Ball
1-0: DOUBLE (Line Drive, 7LS, EV 93.1 MPH)
Danny Ainge scores
David Navarro scores
Huey Gayden to third
Runner from 3rd tries for Home, SAFE, throw by LF to home
Batting: RHB Ed Sedar 0-0: Foul Ball, location: 2F
0-1: Ball
1-1: Ball
2-1: Ball
3-1: SINGLE (Groundball, 5S, EV 73.8 MPH) (infield hit)
Pete Dalena to third
Batting: RHB Gabriel de la Sancha 0-0: Fielders Choice at 2nd, 6-4 (Groundball, 6, EV 105.6 MPH)
Pete Dalena scores
Batting: SHB Rene Quinones 0-0: Fielders Choice at 2nd, 1-6 (Groundball, 13S, EV 55.0 MPH)
Batting: RHB Mitchell Ashmore 0-0: Called Strike
0-1: Called Strike
0-2: Ball
1-2: Ball
Rene Quinones steals 2nd base (no throw)
2-2: Ball
3-2: Ground out 5-3 (Groundball, 56, EV 104.4 MPH)
Bottom of the 1st over - 4 runs, 4 hits, 0 errors, 1 left on base; San Jose 0 - Visalia 4
TOP OF THE 2ND
San Jose Bees batting - Pitching for Visalia Mets : LHP Tom Bolton
Batting: RHB Tony Evans 0-0: Ball
1-0: Called Strike
1-1: Ball
2-1: Ball
3-1: Base on Balls
Batting: RHB Ray Torres 0-0: Fly out, F9 (Flyball, 89D, EV 93.8 MPH)
Batting: RHB Ricky McMullen 0-0: Ball
1-0: SINGLE (Line Drive, 3D, EV 96.3 MPH)
Tony Evans to second
Runner from 2nd tries for 3rd, SAFE, no throw by RF
Batting: RHB Timothy Wallace 0-0: Ball
1-0: Called Strike
1-1: Ball
2-1: Called Strike
2-2: Foul Ball, location: 2F
2-2: SINGLE (Groundball, 56D, EV 96.9 MPH)
Tony Evans scores
Ricky McMullen to second
Ricky McMullen to third
Batting: LHB Dale Weaver 0-0: Ball
1-0: Called Strike
1-1: Grounds into double play, 5-4-3 (Groundball, 56S, EV 84.4 MPH)
Top of the 2nd over - 1 run, 2 hits, 0 errors, 1 left on base; San Jose 1 - Visalia 4
BOTTOM OF THE 2ND
Visalia Mets batting - Pitching for San Jose Bees : RHP Frank Wills
Batting: RHB Lloyd Bessard 0-0: Called Strike
0-1: Ball
1-1: Ball
2-1: SINGLE (Groundball, 4MD, EV 101.3 MPH)
Batting: RHB Danny Ainge 0-0: Called Strike
0-1: Ball
1-1: Ball
Wild Pitch!
Lloyd Bessard to second
2-1: Ball
3-1: Swinging Strike
3-2: SINGLE (Groundball, 56D, EV 106.9 MPH)
Lloyd Bessard to third
Runner from 3rd tries for Home, throw by LF and OUT! 7-2
Danny Ainge to second
Batting: SHB David Navarro 0-0: Ball
1-0: Ball
2-0: Ground out 4-3 (Groundball, 4, EV 81.9 MPH)
Danny Ainge to third
Batting: LHB Huey Gayden 0-0: Ball
1-0: Foul Ball, location: 2F
1-1: Ground out 2-3 (Groundball, 2L, EV 67.5 MPH)
Bottom of the 2nd over - 0 runs, 2 hits, 0 errors, 1 left on base; San Jose 1 - Visalia 4
TOP OF THE 3RD
San Jose Bees batting - Pitching for Visalia Mets : LHP Tom Bolton
Batting: RHB Bill Pinkham 0-0: Foul Ball, location: 2F
0-1: Ball
1-1: DOUBLE (Flyball, 9LD, EV 90.6 MPH)
Batting: RHB Anthony Laurenzi 0-0: Ball
1-0: Fly out, F6 (Line Drive, 6, EV 65.6 MPH)
Batting: RHB Ron MacDonald 0-0: Ball
1-0: Ground out 6-3 (Groundball, 6, EV 102.5 MPH)
Batting: LHB Stanley Davis 0-0: Ball
1-0: Called Strike
1-1: Ball
2-1: SINGLE (Groundball, 6MD, EV 108.1 MPH)
Bill Pinkham to third
Runner from 3rd tries for Home, SAFE, throw by CF to home
Batting: RHB Tony Evans 0-0: Called Strike
0-1: Ball
1-1: Ball
2-1: Fly out, F9 (Flyball, 9S, EV 81.3 MPH)
Top of the 3rd over - 1 run, 2 hits, 0 errors, 1 left on base; San Jose 2 - Visalia 4
BOTTOM OF THE 3RD
Visalia Mets batting - Pitching for San Jose Bees : RHP Frank Wills
Batting: LHB Pete Dalena 0-0: Ground out U3 (Groundball, 3, EV 89.4 MPH)
Batting: RHB Ed Sedar 0-0: Ball
1-0: Ball
2-0: Swinging Strike
2-1: Swinging Strike
2-2: Ball
3-2: Foul Ball, location: 2F
3-2: Base on Balls
Batting: RHB Gabriel de la Sancha 0-0: Ball
1-0: Ball
Balk!
Ed Sedar to second
2-0: Called Strike
2-1: SINGLE (Line Drive, 9S, EV 95.0 MPH)
Ed Sedar to third
Runner from 3rd tries for Home, SAFE, throw by RF to home
Batting: SHB Rene Quinones 0-0: Ball
1-0: Ball
2-0: Grounds into double play, 6-4-3 (Groundball, 6S, EV 86.9 MPH)
Bottom of the 3rd over - 1 run, 1 hit, 0 errors, 0 left on base; San Jose 2 - Visalia 5
TOP OF THE 4TH
San Jose Bees batting - Pitching for Visalia Mets : LHP Tom Bolton
Batting: RHB Ray Torres 0-0: Called Strike
0-1: Ball
1-1: Ground out 3-1 (Groundball, 34S, EV 84.4 MPH)
Batting: RHB Ricky McMullen 0-0: Called Strike
0-1: Ball
1-1: Ball
2-1: Swinging Strike
2-2: Ground out 6-3 (Groundball, 6, EV 83.8 MPH)
Batting: RHB Timothy Wallace 0-0: Ball
1-0: Ball
2-0: SINGLE (Groundball, 5S, EV 63.8 MPH) (infield hit)
Batting: LHB Dale Weaver 0-0: Ball
1-0: Ball
2-0: Ball
3-0: Base on Balls
Timothy Wallace to second
Batting: RHB Bill Pinkham 0-0: Ball
1-0: Ball
2-0: Called Strike
2-1: Fly out, F5 (Line Drive, 5, EV 63.1 MPH)
Top of the 4th over - 0 runs, 1 hit, 0 errors, 2 left on base; San Jose 2 - Visalia 5
BOTTOM OF THE 4TH
Visalia Mets batting - Pitching for San Jose Bees : RHP Frank Wills
Batting: RHB Mitchell Ashmore 0-0: Called Strike
0-1: Called Strike
0-2: SINGLE (Flyball, 8RS, EV 93.1 MPH)
Batting: RHB Lloyd Bessard 0-0: Called Strike
0-1: Ball
1-1: SINGLE (Line Drive, 89M, EV 104.4 MPH)
Mitchell Ashmore to second
Batting: RHB Danny Ainge 0-0: Ball
1-0: Foul Ball, location: 2F
1-1: Ball
2-1: Ball
3-1: Base on Balls
Mitchell Ashmore to third
Lloyd Bessard to second
Batting: SHB David Navarro 0-0: Ball
1-0: Ball
2-0: Fielders Choice at 2nd, 4-6 (Groundball, 34, EV 80.0 MPH)
Mitchell Ashmore scores
Lloyd Bessard to third
Pitching: RHP Rick A Anderson
Batting: LHB Huey Gayden 0-0: Foul Ball, location: 2F
0-1: Ball
1-1: Ball
2-1: Called Strike
2-2: Grounds into double play, 4-6-3 (Groundball, 4, EV 100.6 MPH)
Bottom of the 4th over - 1 run, 2 hits, 0 errors, 1 left on base; San Jose 2 - Visalia 6
TOP OF THE 5TH
San Jose Bees batting - Pitching for Visalia Mets : LHP Tom Bolton
Batting: RHB Anthony Laurenzi 0-0: Called Strike
0-1: Ball
1-1: Called Strike
1-2: Ball
2-2: Ball
3-2: Base on Balls
Batting: RHB Ron MacDonald 0-0: Fly out, F6 (Flyball, 56D, EV 93.1 MPH)
Batting: LHB Stanley Davis 0-0: Ball
1-0: Ball
2-0: Called Strike
2-1: Foul Ball, location: 2F
2-2: Ball
3-2: Base on Balls
Anthony Laurenzi to second
Batting: RHB Tony Evans 0-0: Foul Ball, location: 2F
0-1: Ball
1-1: Called Strike
1-2: Foul Ball, location: 2F
1-2: Ball
2-2: Ball
3-2: Base on Balls
Anthony Laurenzi to third
Stanley Davis to second
Batting: RHB Ray Torres 0-0: GRAND SLAM HOME RUN (Line Drive, 9LD, EV 102.5 MPH), Distance : 348 ft
Pitching: RHP Mike Ferguson
Batting: RHB Ricky McMullen 0-0: Ball
1-0: Called Strike
1-1: Ball
2-1: Foul Ball, location: 2F
2-2: Foul Ball, location: 2F
2-2: Foul Ball, location: 2F
2-2: Strikes out swinging
Batting: RHB Timothy Wallace 0-0: Ball
1-0: Ground out 4-3 (Groundball, 4, EV 85.0 MPH)
Top of the 5th over - 4 runs, 1 hit, 0 errors, 0 left on base; San Jose 6 - Visalia 6
BOTTOM OF THE 5TH
Visalia Mets batting - Pitching for San Jose Bees : RHP Rick A Anderson
Batting: LHB Pete Dalena 0-0: Swinging Strike
0-1: Ball
1-1: Ball
2-1: Foul Ball, location: 2F
2-2: SINGLE (Line Drive, 4MD, EV 97.5 MPH)
Batting: RHB Ed Sedar 0-0: Called Strike
0-1: Ball
1-1: Swinging Strike
1-2: Foul Ball, location: 2F
1-2: Fly out, F7 (Flyball, 7D, EV 103.8 MPH)
Batting: RHB Gabriel de la Sancha 0-0: Ball
1-0: Swinging Strike
1-1: Fly out, F9 (Flyball, 9LM, EV 80.6 MPH)
Batting: SHB Rene Quinones 0-0: Fly out, F8 (Flyball, 8RM, EV 81.3 MPH)
Bottom of the 5th over - 0 runs, 1 hit, 0 errors, 1 left on base; San Jose 6 - Visalia 6
TOP OF THE 6TH
San Jose Bees batting - Pitching for Visalia Mets : RHP Mike Ferguson
Batting: LHB Dale Weaver 0-0: Foul Ball, location: 2F
0-1: Ball
1-1: Called Strike
1-2: Ball
2-2: Foul Ball, location: 2F
2-2: Fly out, F8 (Line Drive, 8RM, EV 105.6 MPH)
Batting: RHB Bill Pinkham 0-0: Called Strike
0-1: Ball
1-1: Swinging Strike
1-2: Ball
2-2: Foul Ball, location: 2F
2-2: Fly out, F9 (Flyball, 89S, EV 78.1 MPH)
Batting: RHB Anthony Laurenzi 0-0: Foul Ball, location: 2F
0-1: Ball
1-1: Ball
2-1: Called Strike
2-2: Ground out 5-3 (Groundball, 56S, EV 84.4 MPH)
Top of the 6th over - 0 runs, 0 hits, 0 errors, 0 left on base; San Jose 6 - Visalia 6
BOTTOM OF THE 6TH
Visalia Mets batting - Pitching for San Jose Bees : RHP Rick A Anderson
Batting: RHB Mitchell Ashmore 0-0: Ball
1-0: Ball
2-0: Ball
3-0: Base on Balls
Batting: RHB Lloyd Bessard 0-0: Ball
1-0: Swinging Strike
1-1: Ball
2-1: Called Strike
2-2: Grounds into double play, 6-4-3 (Groundball, 6, EV 83.8 MPH)
Batting: RHB Danny Ainge 0-0: Ball
1-0: Called Strike
1-1: Swinging Strike
1-2: Ball
2-2: DOUBLE (Line Drive, 9LM, EV 98.8 MPH)
Batting: SHB David Navarro 0-0: DOUBLE (Line Drive, 5D, EV 107.5 MPH)
Danny Ainge scores
Batting: LHB Huey Gayden 0-0: Called Strike
0-1: Ball
1-1: Called Strike
1-2: Ground out 4-3 (Groundball, 4, EV 107.5 MPH)
Bottom of the 6th over - 1 run, 2 hits, 0 errors, 1 left on base; San Jose 6 - Visalia 7
TOP OF THE 7TH
San Jose Bees batting - Pitching for Visalia Mets : RHP Mike Ferguson
Batting: RHB Ron MacDonald 0-0: Ball
1-0: Swinging Strike
1-1: Ground out 6-3 (Groundball, 6, EV 102.5 MPH)
Batting: LHB Stanley Davis 0-0: Swinging Strike
0-1: Ball
1-1: Foul Ball, location: 2F
1-2: Foul Ball, location: 2F
1-2: SINGLE (Line Drive, 8RS, EV 110.0 MPH)
Batting: RHB Tony Evans 0-0: Foul Ball, location: 2F
0-1: Foul Ball, location: 2F
0-2: Strikes out swinging
Batting: RHB Ray Torres 0-0: Foul Ball, location: 2F
0-1: Ball
1-1: Ball
2-1: Ball
3-1: Base on Balls
Stanley Davis to second
Batting: RHB Ricky McMullen 0-0: Ball
1-0: Called Strike
1-1: Fly out, F9 (Line Drive, 9D, EV 98.1 MPH)
Top of the 7th over - 0 runs, 1 hit, 0 errors, 2 left on base; San Jose 6 - Visalia 7
BOTTOM OF THE 7TH
Visalia Mets batting - Pitching for San Jose Bees : RHP Rick A Anderson
Batting: LHB Pete Dalena 0-0: Ball
1-0: Swinging Strike
1-1: Ball
2-1: Ball
3-1: Called Strike
3-2: Base on Balls
Batting: RHB Ed Sedar 0-0: Ball
1-0: Called Strike
1-1: Foul Ball, location: 2F
1-2: Strikes out swinging
Batting: RHB Gabriel de la Sancha 0-0: Ball
1-0: Fly out, F8 (Flyball, 78D, EV 74.4 MPH)
Batting: SHB Rene Quinones 0-0: Ball
1-0: Fielders Choice at 2nd, U4 (Groundball, 4M, EV 106.9 MPH)
Bottom of the 7th over - 0 runs, 0 hits, 0 errors, 1 left on base; San Jose 6 - Visalia 7
TOP OF THE 8TH
San Jose Bees batting - Pitching for Visalia Mets : RHP Mike Ferguson
Batting: RHB Timothy Wallace 0-0: Ball
1-0: Fly out, F3 (Popup, 3SF, EV 77.5 MPH)
Batting: LHB Dale Weaver 0-0: Called Strike
0-1: Foul Ball, location: 2F
0-2: Ball
1-2: Foul Ball, location: 2F
1-2: Fly out, F7 (Flyball, 7S, EV 86.9 MPH)
Batting: RHB Bill Pinkham 0-0: Ball
1-0: Ball
2-0: SINGLE (Line Drive, 6MD, EV 100.6 MPH)
Pitching: RHP Timothy O'Neill
Batting: RHB Anthony Laurenzi 0-0: Called Strike
0-1: Called Strike
0-2: SINGLE (Line Drive, 34D, EV 103.8 MPH)
Bill Pinkham to second
Pinch Hitting: LHB Joop Kramer 0-0: 3-RUN HOME RUN (Flyball, 89XD, EV 90.6 MPH), Distance : 393 ft
Batting: LHB Stanley Davis 0-0: Ground out U3 (Groundball, 3, EV 77.5 MPH)
Top of the 8th over - 3 runs, 3 hits, 0 errors, 0 left on base; San Jose 9 - Visalia 7
BOTTOM OF THE 8TH
Visalia Mets batting - Pitching for San Jose Bees : RHP Rick A Anderson
Now at 1B: Rod Booker
Batting: RHB Mitchell Ashmore 0-0: Called Strike
0-1: Ball
1-1: Ball
2-1: Foul Ball, location: 2F
2-2: Ground out 6-3 (Groundball, 6, EV 78.1 MPH)
Batting: RHB Lloyd Bessard 0-0: Ground out 6-3 (Groundball, 6S, EV 86.9 MPH)
Batting: RHB Danny Ainge 0-0: SOLO HOME RUN (Flyball, 78XD, EV 90.6 MPH), Distance : 446 ft
Batting: SHB David Navarro 0-0: Ball
1-0: Called Strike
1-1: Fly out, F5 (Popup, 5SF, EV 76.9 MPH)
Bottom of the 8th over - 1 run, 1 hit, 0 errors, 0 left on base; San Jose 9 - Visalia 8
TOP OF THE 9TH
San Jose Bees batting - Pitching for Visalia Mets : RHP Timothy O'Neill
Batting: RHB Tony Evans 0-0: Foul Ball, location: 2F
0-1: Ball
1-1: Ball
2-1: Ground out 6-3 (Groundball, 6, EV 90.0 MPH)
Batting: RHB Ray Torres 0-0: DOUBLE (Groundball, 5L, EV 94.4 MPH)
Batting: RHB Ricky McMullen 0-0: Ball
1-0: Fly out, F8 (Flyball, 8LS, EV 83.8 MPH)
Batting: RHB Timothy Wallace 0-0: Foul Ball, location: 2F
0-1: Ball
1-1: Ball
2-1: Foul Ball, location: 2F
2-2: DOUBLE (Flyball, 3D, EV 91.3 MPH)
Ray Torres scores
Pitching: RHP Dennis Long
Batting: LHB Dale Weaver 0-0: Foul Ball, location: 2F
0-1: SINGLE (Groundball, 6D, EV 99.4 MPH)
Timothy Wallace to third
Runner from 3rd tries for Home, SAFE, throw by CF to home
Batting: RHB Bill Pinkham 0-0: SINGLE (Groundball, 6MD, EV 101.9 MPH)
Dale Weaver to second
Batting: RHB Anthony Laurenzi 0-0: Called Strike
0-1: Called Strike
0-2: Ball
1-2: Ground out 4-3 (Groundball, 34, EV 80.6 MPH)
Top of the 9th over - 2 runs, 4 hits, 0 errors, 2 left on base; San Jose 11 - Visalia 8
BOTTOM OF THE 9TH
Visalia Mets batting - Pitching for San Jose Bees : RHP Rick A Anderson
Batting: LHB Huey Gayden 0-0: Foul Ball, location: 2F
0-1: Foul Ball, location: 2F
0-2: Ball
1-2: Ground out 5-3 (Groundball, 56S, EV 69.4 MPH)
Batting: LHB Pete Dalena 0-0: Swinging Strike
0-1: Ball
1-1: Foul Ball, location: 2F
1-2: Strikes out swinging
Batting: RHB Ed Sedar 0-0: Ball
1-0: Called Strike
1-1: Foul Ball, location: 2F
1-2: Ball
2-2: Ground out 6-3 (Groundball, 6M, EV 90.6 MPH)
Bottom of the 9th over - 0 runs, 0 hits, 0 errors, 0 left on base; San Jose 11 - Visalia 8
Wednesday, August 19th, 2020 - OOTP Baseball 21.5 Build 76